 Dungeon Crawl Stone Soup version 0.29-a0-270-g1586fc07ea (webtiles) character file.

Game seed: 647672435981053958

3845 riojii the Cleaver (level 9, 0/86 HPs)
             Began as a Deep Dwarf Fighter on Mar 7, 2022.
             Was a Priest of Elyvilon.
             Succumbed to a green ugly thing's poison
             ... on level 8 of the Dungeon.
             The game lasted 00:14:43 (6078 turns).

riojii the Cleaver (Deep Dwarf Fighter)             Turns: 6078, Time: 00:14:44

Health: 0/86       AC: 21    Str: 24    XL:     9   Next: 98%
Magic:  5/5        EV:  5    Int:  9    God:    Elyvilon [***...]
Gold:   248        SH: 10    Dex: 12    Spells: 8/8 levels left

rFire   . . .      SeeInvis .   a - +1 war axe
rCold   . . .      Faith    .   m - +0 kite shield
rNeg    . . .      Spirit   .   r - +0 plate armour
rPois   .          Reflect  .   n - +1 helmet
rElec   .          Harm     .   (no cloak)
rCorr   .          Rampage  .   (no gloves)
Will    +....                   j - +0 pair of boots
Stlth   ..........              (no amulet)
HPRegen 0.00/turn               g - +4 ring of protection
MPRegen 0.09/turn               (no ring)

@: lethally poisoned (0 -> -25), studying Fighting
A: damage resistance, heal wounds, sense surroundings 2, no regeneration
a: Heal Wounds, Renounce Religion, Purification, Heal Other, Heal Self


You were on level 8 of the Dungeon.
You worshipped Elyvilon.
Elyvilon was most pleased with you.
You visited 2 branches of the dungeon, and saw 9 of its levels.
You also visited: Sewer.

You collected 872 gold pieces.
You spent 624 gold pieces at shops.

Inventory:

Hand Weapons
 a - a +1 war axe (weapon)
Armour
 j - a +0 pair of boots (worn)
 m - a +0 kite shield (worn)
 n - a +1 helmet (worn)
 r - a +0 plate armour (worn)
Jewellery
 b - a ring of wizardry
 g - a +4 ring of protection (left hand)
Wands
 c - a wand of digging (3)
Scrolls
 i - a scroll of magic mapping
 o - 3 scrolls of fear
 p - a scroll of enchant weapon
Potions
 d - a potion of invisibility
 e - a potion of curing
 f - a potion of flight
 h - 2 potions of lignification
 k - a potion of magic
 q - a potion of mutation
 s - a potion of might


   Skills:
 + Level 7.2 Fighting
 * Level 10.2 Axes
 + Level 7.7 Armour
 + Level 7.8 Shields
 * Level 0.2 Invocations


You had 8 spell levels left.
You didn't know any spells.
Your spell library contained the following spells:

 Spells                   Type           Power      Damage    Failure   Level
 Freeze                   Ice            0%         1d3       100%        1
 Frozen Ramparts          Ice            0%         1d2       100%        3
 Inner Flame              Hex/Fire       0%         N/A       100%        3
 Cause Fear               Hex            0%         N/A       100%        4
 Hailstorm                Conj/Ice       0%         3d3       100%        4
 Discord                  Hex            0%         N/A       100%        8


Dungeon Overview and Level Annotations

Branches:
Dungeon (8/15)             Temple (1/1) D:4           Sewer (visited)
   Lair: D:8-11

Altars:
Ashenzari
Cheibriados
Dithmenos
Elyvilon
Fedhas
Gozag
Hepliaklqana
Kikubaaqudgha
Makhleb
Nemelex Xobeh
Okawaru
Qazlal
Ru
Sif Muna
Uskayaw
Wu Jian
Xom
Yredelemnul
Zin
The Shining One

Shops:
D:2 !   D:5 :   D:6 *?

Annotations:
D:8 3 runed translucent doors, Cecur's ghost, novice DsAE


Innate Abilities, Weirdness & Mutations

You are resistant to damage.
You can heal yourself by infusing magical energy.
You passively map the area around you.
You do not regenerate.


Message History

You slash the green ugly thing!
The green ugly thing is moderately wounded.
The green ugly thing bites you but does no damage.
The gnoll barely misses you.
You hit the green ugly thing but do no damage.
The green ugly thing is moderately wounded.
The green ugly thing bites you but does no damage.
The gnoll hits you from afar with a +0 halberd!
You closely miss the green ugly thing.
The green ugly thing is moderately wounded.
The green ugly thing bites you but does no damage.
The gnoll hits you but does no damage.
You block the green ugly thing's attack.
You hit the green ugly thing.
The green ugly thing is moderately wounded.
You block the gnoll's attack. The green ugly thing bites you.
You are poisoned.
The green ugly thing poisons you!
You hit the green ugly thing but do no damage.
The green ugly thing is moderately wounded.
You feel extremely sick.
The gnoll hits you from afar with a +0 halberd.
The green ugly thing bites you but does no damage.
The gnoll hits you but does no damage.
You hit the green ugly thing.
The green ugly thing is heavily wounded.
You feel extremely sick. The green ugly thing bites you.
You are lethally poisoned!
The green ugly thing poisons you! The gnoll barely misses you.
You slash the green ugly thing!
The green ugly thing is heavily wounded.
* * * LOW HITPOINT WARNING * * *
You feel extremely sick. The green ugly thing bites you.
* * * LOW HITPOINT WARNING * * *
The gnoll hits you from afar with a +0 halberd.
You hit the green ugly thing but do no damage.
The green ugly thing is heavily wounded.
You die...

, , * * #......# < , ,*, #..#
, * ###..#### * * #.......# ,
* #.......# * * ###g......# *
* * * * #Fg.†.....# , , ,
#u#.......# * * *.#
#@#......... .#
#.#.......##.* .###
#.#########* * #...## #.# *
#.#..###.###### ,
##.............# *
#..............#
#...#########.(#####.#
########...#...FW..#........#


You could see a green ugly thing, a bullfrog and 2 gnolls.

Vanquished Creatures
  A two-headed ogre (D:8)
  Grinder (D:6)
  Prince Ribbit (D:6)
  A wyvern (D:7)
  Duvessa (D:6)
  2 sky beasts (D:6)
  2 ice beasts
  2 orc warriors
  A black bear (D:5)
  An ogre (D:5)
  A centaur (D:7)
  9 kobold brigands
  3 bullfrogs
  Blork the orc (D:5)
  2 scorpions
  Dowan (D:6)
  A killer bee (D:7)
  3 howler monkeys
  A jelly (D:6)
  A gnoll shaman (D:5)
  A hound (D:5)
  Jessica (D:2)
  4 iguanas
  An orc wizard (D:7)
  Robin (D:2)
  11 gnolls
  13 adders
  2 river rats
  A shadow imp (D:8)
  6 worms
  4 dart slugs
  15 orcs
  11 endoplasms
  2 giant cockroaches
  19 goblins
  6 hobgoblins
  12 kobolds
  A quokka (D:5)
  13 ball pythons
  4 bats
  5 frilled lizards
  6 rats
175 creatures vanquished.

Vanquished Creatures (others)
  2 fungi (D:3)
  7 plants (D:2)
9 creatures vanquished.

Grand Total: 184 creatures vanquished

Notes
Turn   | Place    | Note
-------+----------+-------------------------------------------
     0 | D:1      | riojii the Deep Dwarf Fighter began the quest for the Orb.
     0 | D:1      | Reached XP level 1. HP: 20/20 MP: 1/1
   347 | D:1      | Reached XP level 2. HP: 25/27 MP: 2/2
   908 | D:2      | Reached skill level 3 in Axes
   908 | D:2      | Reached XP level 3. HP: 17/33 MP: 3/3
   988 | D:2      | Found Raaloas's Distillery.
   989 | D:2      | Noticed Jessica
   992 | D:2      | Killed Jessica
   993 | D:2      | Reached XP level 4. HP: 42/42 MP: 3/3
  1069 | D:2      | You fall into a shaft and drop 1 floor!
  1069 | D:3      | Found a faded altar of an unknown god.
  1160 | D:2      | Noticed Robin
  1170 | D:2      | Killed Robin
  1285 | D:2      | Reached XP level 5. HP: 43/49 MP: 4/4
  1485 | D:3      | Found a broken altar of Ashenzari.
  1534 | D:3      | Reached skill level 4 in Axes
  2040 | D:4      | Found a glowing golden altar of the Shining One.
  2077 | D:4      | Found a snail-covered altar of Cheibriados.
  2136 | D:4      | Found a staircase to the Ecumenical Temple.
  2206 | Temple   | Entered the Ecumenical Temple
  2546 | Temple   | Became a worshipper of Elyvilon the Healer
  2794 | D:4      | HP: 2/49 [gnoll/+0 flail of distortion (5)]
  3208 | D:5      | Entered Level 5 of the Dungeon
  3218 | D:5      | Reached XP level 6. HP: 30/57 MP: 4/4
  3268 | D:5      | Reached skill level 5 in Axes
  3332 | D:5      | Found a glowing drain.
  3352 | Sewer    | Entered a sewer
  3491 | Sewer    | Reached XP level 7. HP: 37/64 MP: 4/4
  3527 | Sewer    | Reached skill level 5 in Shields
  3530 | Sewer    | Reached skill level 5 in Armour
  3631 | Sewer    | Reached * piety under Elyvilon
  3661 | Sewer    | Reached skill level 6 in Axes
  3924 | Sewer    | Reached XP level 8. HP: 29/73 MP: 5/5
  4015 | D:5      | Noticed Blork the orc
  4034 | D:5      | Killed Blork the orc
  4035 | D:5      | Reached skill level 7 in Axes
  4236 | D:5      | Found a glowing silver altar of Zin.
  4238 | D:5      | Found an ancient bone altar of Kikubaaqudgha.
  4238 | D:5      | Found a shimmering altar of Xom.
  4240 | D:5      | Found an ancient bone altar of Kikubaaqudgha.
  4240 | D:5      | Found a shimmering altar of Xom.
  4240 | D:5      | Found a glowing silver altar of Zin.
  4358 | D:5      | Reached ** piety under Elyvilon
  4361 | D:5      | Found Erare's Book Boutique.
  4427 | D:6      | Noticed Grinder
  4452 | D:6      | Killed Grinder
  4453 | D:6      | Reached skill level 5 in Fighting
  4585 | D:6      | Found a stormy altar of Qazlal.
  4597 | D:6      | Noticed Dowan
  4621 | D:6      | Killed Dowan
  4622 | D:6      | Reached skill level 8 in Axes
  4630 | D:6      | Noticed Duvessa
  4644 | D:6      | Killed Duvessa
  4677 | D:6      | Found Lomaerut's General Store.
  4678 | D:6      | Found Hyanir's Magic Scroll Shop.
  4763 | D:6      | Noticed Prince Ribbit
  4769 | D:6      | Gained mutation: You passively map the area around you.
                  | [Deep Dwarf growth]
  4769 | D:6      | Reached XP level 9. HP: 56/81 MP: 6/6
  4785 | D:6      | Killed Prince Ribbit
  4910 | D:6      | Found a shadowy altar of Dithmenos.
  5086 | D:6      | Identified a scroll of acquirement
  5086 | D:6      | Acquired 394 gold pieces
  5118 | D:6      | Bought a scroll of acquirement for 624 gold pieces
  5118 | D:6      | Acquired a manual of Fighting
  5188 | D:7      | Reached skill level 9 in Axes
  5557 | D:7      | Reached *** piety under Elyvilon
  5601 | D:7      | Found a hide-covered altar of Uskayaw.
  5645 | D:7      | Found an opulent altar of Gozag.
  5923 | D:8      | Found a runed translucent gate.
  5923 | D:8      | Found a runed translucent gate.
  5924 | D:8      | Found a runed translucent gate.
  5926 | D:8      | Noticed Cecur's ghost (novice DsAE)
  5928 | D:8      | Noticed a two-headed ogre
  5945 | D:8      | Killed a two-headed ogre
  5946 | D:8      | Reached skill level 10 in Axes
  6059 | D:8      | Noticed a green ugly thing
  6078 | D:8      | Succumbed to a green ugly thing's poison

Illustrated notes

Levels and vault maps discovered:
D:1:      tarquinn_simple_flora_water_a, layout_basic
D:2:      layout_rooms, serial_shops, shop_fountains, hex_tiny,
          serial_bayou_pond_c, nrook_mini_backslash, uniq_robin, uniq_jessica
D:3:      layout_rooms, lemuel_doored_altar, chequers_ecumenical_altar_simple,
          serial_park_tiny_2, minmay_shallow_snake_nest
D:4:      layout_basic, overflow_temple_1_default, general_overflow_altar,
          minmay_temple_entry_ruins
D:5:      layout_rooms, doesnt_xom_only_xom, serial_shops, shop,
          cheibrodos_sewer_entry_sluice, uniq_blork_the_orc
D:6:      layout_basic, mainiacjoe_overflow_alcove_2,
          mainiacjoe_overflow_six_doors_small, serial_shops, shop,
          nicolae_square_shop, uniq_prince_ribbit1, uniq_grinder, uniq_duvessa
D:7:      layout_basic, amcnicky_altar_gilded, grunt_gozag_breadcrumbs,
          kennysheep_generic_room_15
D:8:      layout_loops_ring, gammafunk_ghost_split
Temple:   minmay_temple_forest_path

Skill      XL: |  1  2  3  4  5  6  7  8  9 |
---------------+----------------------------+-----
Axes           | 3 4 5 6 8 10 | 10.2
Fighting       | 3 4 5 7 |  7.2
Shields        | 4 5 6 7 |  7.8
Armour         | 4 5 6 7 |  7.7
Invocations    | |  0.2

Action                   |  1- 3 |  4- 6 |  7- 9 || total
-------------------------+-------+-------+-------++-------
Melee: War axe           |    60 |   215 |   375 ||   650
Invok: Heal Self         |       |       |     2 ||     2
 Abil: Heal Wounds       |     2 |     5 |     8 ||    15
  Use: Scroll            |     3 |     6 |     6 ||    15
       Potion            |       |       |     3 ||     3
Armor: Scale mail        |    25 |    62 |       ||    87
       Chain mail        |       |    74 |   161 ||   235
       Plate armour      |       |       |    71 ||    71
Dodge: Dodged            |    26 |    94 |   105 ||   225
Block: Buckler           |    14 |    49 |    84 ||   147
       Kite shield       |       |       |    10 ||    10

Table legend: (Time is in decaauts)
 A = Elapsed time spent in this place.
 B = Non-inter-level travel time spent in this place.
 C = Inter-level travel time spent in this place.
 D = Time resting spent in this place.
 E = Time spent auto-exploring this place.
 F = Levels seen in this place.
 G = Mean time per level.
                   A        B        C        D        E       F      G
               +--------+--------+--------+--------+--------+-----+--------+
         Total |   6376 |   5942 |    434 |     23 |   4280 |  10 |  637.6 |
       Dungeon |   5206 |   4865 |    341 |     23 |   3536 |   8 |  650.8 |
        Temple |    398 |    305 |     93 |      0 |    292 |   1 |  398.0 |
         Sewer |    771 |    771 |      0 |      0 |    451 |   1 |  771.0 |
               +--------+--------+--------+--------+--------+-----+--------+

Top non-repeatable levels by time:
     D:1: 911 daAuts
     D:6: 802 daAuts
     D:4: 792 daAuts
   Sewer: 771 daAuts
     D:7: 703 daAuts
     D:3: 655 daAuts
     D:5: 587 daAuts
     D:2: 522 daAuts
  Temple: 398 daAuts
     D:8: 230 daAuts
